 Dungeon Crawl Stone Soup version 0.30-a0-859-gf88a04b62d (webtiles) character file.

Game seed: 9451460896188579382

485 Newt the Skirmisher (level 7, -1/44 HPs)
             Began as a Kobold Hunter on Mar 6, 2023.
             Slain by a quasit (2 damage)
             ... on level 4 of the Dungeon.
             The game lasted 00:03:58 (3932 turns).

Newt the Skirmisher (Kobold Hunter)                 Turns: 3932, Time: 00:03:59

Health: -1/44      AC:  3    Str:  7 (9)  XL:     7   Next: 35%
Magic:  7/7        EV:  3    Int:  8 (10) God:
Gold:   267        SH:  0    Dex: -4 (26) Spells: 6/6 levels left

rFire   . . .      SeeInvis .    a - +0 shortbow
rCold   . . .      Faith    .    (shield currently unavailable)
rNeg    . . .      Spirit   .    c - +0 leather armour
rPois   .          Reflect  .    (no helmet)
rElec   .          Rampage  .    (no cloak)
rCorr   .                        (no gloves)
Will    .....                    (no boots) Stlth
                                 (no amulet)
HPRegen 0.27/turn                h - +6 ring of dexterity
MPRegen 0.10/turn                (no ring)

@: slowed, lost dexterity, very slow
A: small, no large weapons, nightstalker 3
a: no special abilities


You were on level 4 of the Dungeon.
You visited 1 branch of the dungeon, and saw 4 of its levels.

You collected 267 gold pieces.

Inventory:

Hand Weapons
 a - a +0 shortbow (weapon)
Armour
 c - a +0 leather armour (worn)
Jewellery
 g - a +6 ring of dexterity
 h - a +6 ring of dexterity (left hand)
 m - a ring of wizardry
Scrolls
 k - 2 scrolls of noise
 l - a scroll of teleportation {unknown}
Potions
 b - a potion of heal wounds
 d - a potion of degeneration
 e - a potion of flight


   Skills:
 - Level 5.0 Fighting
 + Level 8.1 Ranged Weapons
 - Level 5.0 Dodging
 - Level 1.3 Stealth


You had 6 spell levels left.
You didn't know any spells.
Your spell library was empty.

Dungeon Overview and Level Annotations

Branches:
Dungeon (4/15)
 Temple: D:4-7

Altars:
Gozag
Sif Muna
Uskayaw
Yredelemnul

Shops:
D:4 *

Annotations:
D:2 1 runed translucent door, Crazy Yiuf
D:3 3 runed translucent doors, hndcvy's ghost, weakling GrGl
D:4 demibob's ghost, amateur GrFi


Innate Abilities, Weirdness & Mutations

You are small and have problems with some larger weapons.
You are completely attuned to the shadows.


Message History

The quasit barely misses you. The quasit claws you.
* * * LOW HITPOINT WARNING * * *
The quasit bites you but does no damage.
The quasit claws you but does no damage. x2
The quasit bites you but does no damage.
The quasit claws you.
* * * LOW HITPOINT WARNING * * *
You feel clumsy.
The quasit claws you but does no damage.
You can move again.
Unknown command.
Unknown command.
Unknown command.
Unknown command.
You shoot an arrow. The arrow closely misses the quasit.
The quasit barely misses you. The quasit claws you.
* * * LOW HITPOINT WARNING * * *
You feel clumsy. The quasit claws you.
* * * LOW HITPOINT WARNING * * *
The quasit bites you but does no damage.
The quasit claws you but does no damage. x2
You shoot an arrow. The arrow misses the quasit.
The quasit barely misses you. x2
The quasit claws you but does no damage.
The quasit barely misses you. x2
The quasit claws you but does no damage.
Unknown command.
You shoot an arrow.
The arrow hits the quasit but does no damage.
The quasit bites you.
* * * LOW HITPOINT WARNING * * *
The quasit claws you but does no damage.
The quasit barely misses you.
The quasit bites you but does no damage.
The quasit claws you.
* * * LOW HITPOINT WARNING * * *
You feel clumsy.
The quasit claws you but does no damage.
The quasit bites you.
You die...

##.#....#.....?$.:#. ##.##.#.#.#.
.......##.##...###... #.##.#.#.#.
.......#.....#.....#.##.##.#.#.#.
.......#..##..©..#...#..##.#.#.#.
.......#......#..##..#..##.#.#'#.
.......##..5#5..#...5#..#........
........#©.W.#......##..#........
.....##.#####..###.##...#........
.....##.....####@###....#......).
.....####.#.....5.......##+#.....
.....####.#..#.#.#.#...........##
.......##......#.#.#.............
.......##......#.#.#.............
.......##......#.#+#..........###
.......##.#>.#.#.................
.########.#..#.#..............###
.............#.#..............##


You could see a quasit.

Vanquished Creatures
  Sigmund (D:2)
  An ogre (D:3)
  A quasit (D:4)
  2 hounds (D:4)
  A jelly (D:3)
  4 adders
  2 worms (D:3)
  4 dart slugs
  3 orcs (D:3)
  8 ball pythons
  6 bats
  5 endoplasms
  3 giant cockroaches
  6 goblins
  5 hobgoblins
  4 jackals
  7 kobolds
  4 rats
67 creatures vanquished.

Vanquished Creatures (others)
  A plant (D:3)
1 creature vanquished.

Grand Total: 68 creatures vanquished

Notes
Turn   | Place    | Note
-------+----------+-------------------------------------------
     0 | D:1      | Newt the Kobold Hunter began the quest for the Orb.
     0 | D:1      | Reached XP level 1. HP: 12/12 MP: 1/1
    68 | D:1      | Reached XP level 2. HP: 19/19 MP: 2/2
   154 | D:1      | Found a faded altar of an unknown god.
  1014 | D:2      | Reached XP level 3. HP: 23/23 MP: 3/3
  1258 | D:2      | Noticed Sigmund
  1264 | D:2      | Killed Sigmund
  1265 | D:2      | Reached skill level 5 in Fighting
  1265 | D:2      | Reached skill level 5 in Dodging
  1265 | D:2      | Reached XP level 4. HP: 31/31 MP: 4/4
  1265 | D:2      | Reached XP level 5. HP: 35/35 MP: 5/5
  1265 | D:2      | Reached XP level 6. HP: 40/40 MP: 6/6
  1405 | D:2      | Found a runed translucent door.
  1408 | D:2      | Noticed Crazy Yiuf
  1787 | D:3      | Found a runed translucent gate.
  1788 | D:3      | Found a runed translucent gate.
  1788 | D:3      | Identified the +1 short sword "Qudoygg" {freeze, Contam
                  | Int+8}
  1789 | D:3      | Found a runed translucent gate.
  1792 | D:3      | Noticed hndcvy's ghost (weakling GrGl)
  1880 | D:3      | Found an opulent altar of Gozag.
  1884 | D:3      | Found a hide-covered altar of Uskayaw.
  1884 | D:3      | Found a basalt altar of Yredelemnul.
  2115 | D:3      | Reached skill level 6 in Ranged Weapons
  2196 | D:3      | Noticed an ogre
  2211 | D:3      | Killed an ogre
  2212 | D:3      | Reached skill level 7 in Ranged Weapons
  2315 | D:3      | Reached XP level 7. HP: 44/44 MP: 7/7
  2863 | D:4      | Found Iwosyjah's Neck Hole.
  2941 | D:4      | Found a transporter.
  2944 | D:4      | Noticed demibob's ghost (amateur GrFi)
  2981 | D:4      | Found a transporter.
  3181 | D:4      | Found a shimmering blue altar of Sif Muna.
  3909 | D:4      | HP: 2/44 [quasit (3)]
  3917 | D:4      | Reached skill level 8 in Ranged Weapons
  3924 | D:4      | HP: 1/44 [quasit (3)]
  3926 | D:4      | Lost dexterity.
  3930 | D:4      | HP: 2/44 [quasit (1)]
  3932 | D:4      | Slain by a quasit

Illustrated notes

Levels and vault maps discovered:
D:1:      moated_graveyard_arrival, layout_basic,
          hellmonk_ecumenical_altar_arch_garden
D:2:      layout_rooms, kennysheep_generic_room_3, uniq_sigmund,
          uniq_crazy_yiuf_cottage
D:3:      minmay_recursive_quarters, layout_basic,
          gammafunk_temple_overflow_forgotten, biasface_ghost_orc_armoury
D:4:      layout_basic, mainiacjoe_overflow_surrounded_room,
          gammafunk_ghost_stat_death, amcnicky_mini_corridor_feature,
          nicolae_shop_sticking_my_neck_out

Skill      XL: |  1  2  3  4  5  6  7 |
---------------+----------------------+-----
Fighting       | 3 5 |  5.0
Dodging        | 5 |  5.0
Ranged Weapons | 7 8 |  8.1
Stealth        | |  1.3

Action                     |  1- 3 |  4- 6 |  7- 9 || total
---------------------------+-------+-------+-------++-------
  Melee: Shortbow          |       |       |     3 ||     3
   Fire: Shortbow          |    58 |    63 |    62 ||   183
    Use: Scroll            |     1 |     5 |     1 ||     7
         Potion            |       |     1 |     7 ||     8
 Armour: Leather armour    |     3 |     8 |    87 ||    98
  Dodge: Dodged            |    13 |    24 |   239 ||   276

Table legend: (Time is in decaauts)
 A = Elapsed time spent in this place.
 B = Non-inter-level travel time spent in this place.
 C = Inter-level travel time spent in this place.
 D = Time resting spent in this place.
 E = Time spent auto-exploring this place.
 F = Levels seen in this place.
 G = Mean time per level.
                   A        B        C        D        E       F      G
               +--------+--------+--------+--------+--------+-----+--------+
         Total |   3976 |   3829 |    147 |    229 |   3163 |   4 |  994.0 |
       Dungeon |   3976 |   3829 |    147 |    229 |   3163 |   4 |  994.0 |
               +--------+--------+--------+--------+--------+-----+--------+

Top non-repeatable levels by time:
     D:4: 1201 daAuts
     D:3: 1020 daAuts
     D:1: 1007 daAuts
     D:2: 747 daAuts
